 Dungeon Crawl Stone Soup version 0.26.0-90-g5fd8617961 (webtiles) character file.

Game seed: 8319357507033872217

250 Gadfly the Cudgeller (level 6, -1/88 HPs)
             Began as an Ogre Gladiator on Feb 3, 2021.
             Was an Initiate of Okawaru.
             Slain by a troll (7 damage)
             ... on level 4 of the Dungeon.
             The game lasted 00:04:36 (5147 turns).

Gadfly the Cudgeller (Ogre Gladiator)               Turns: 5147, Time: 00:04:36

Health: -1/88      AC:  5    Str: 21    XL:     6   Next: 13%
Magic:  7/7        EV: 10    Int:  9    God:    Okawaru [......]
Gold:   181        SH:  0    Dex: 10    Spells: 5/5 levels left

rFire    . . .     SeeInvis .   a - +1 flail
rCold    . . .     Faith    .   (no shield)
rNeg     . . .     Spirit   .   b - +0 robe
rPois    +         Reflect  .   c - +1 hat
rElec    .         Harm     .   n - +0 cloak
rCorr    +         Rampage  .   (gloves unavailable)
Will     .....     Clarity  +   (boots unavailable)
Stlth    ..........             (no amulet)
HPRegen  0.24/turn              o - ring of resist corrosion
MPRegen  0.10/turn              (no ring)

@: berserking (expiring), very quick
A: large, unfitting armour, clarity, low mp 1, sense surroundings 1, poison
resistance, tough skin 1
a: Renounce Religion


You were on level 4 of the Dungeon.
You worshipped Okawaru.
Okawaru was noncommittal.
You visited 1 branch of the dungeon, and saw 4 of its levels.

You collected 181 gold pieces.

Inventory:

Hand Weapons
 a - a +1 flail (weapon)
Missiles
 d - 3 throwing nets
 t - 2 boomerangs (quivered)
Armour
 b - a +0 robe (worn)
 c - a +1 hat (worn)
 n - a +0 cloak (worn)
Jewellery
 o - a ring of resist corrosion (left hand)
 q - an uncursed ring of ice
Wands
 s - a wand of flame (16)
Scrolls
 f - a scroll of enchant armour
 k - 2 scrolls of remove curse
 p - 4 scrolls of teleportation
 r - 2 scrolls of enchant weapon
Potions
 g - a potion of resistance
 h - a potion of mutation
 i - a potion of haste {unknown}
 j - a potion of attraction
 l - 2 potions of curing


   Skills:
 - Level 2.6 Fighting
 + Level 3.2 Maces & Flails
 + Level 2.6 Throwing
 * Level 2.2 Armour
 - Level 2.6 Dodging
 * Level 3.1 Invocations
 * Level 2.2 Evocations


You had 5 spell levels left.
You didn't know any spells.
Your spell library was empty.

Dungeon Overview and Level Annotations

Branches:
Dungeon (4/15)
 Temple: D:4-7

Altars:
Cheibriados
Dithmenos
Elyvilon
Kikubaaqudgha
Makhleb
Okawaru
Vehumet
Zin


Innate Abilities, Weirdness & Mutations

You are too large for most types of armour.
You have tough skin. (AC +1)
You possess an exceptional clarity of mind.
Your magical capacity is low. (-10% MP)
You passively map a small area around you.
Your system is resistant to poisons. (rPois)


Message History

The hound stops to sniff the ground.
The hound closely misses you.
You hit the hound.
You kill the hound!
Okawaru accepts your kill.
You have reached level 6!
Your experience leads to an increase in your attributes!
Increase (S)trength, (I)ntelligence, or (D)exterity?
You feel stronger. x2
You closely miss the troll. The troll bites you! The troll claws you!
The troll claws you but does no damage.
You closely miss the troll. The troll bites you. The troll claws you. x2
You closely miss the troll. The troll bites you. The troll claws you! x2
You closely miss the troll. You closely miss the troll. The troll bites you!
* * * LOW HITPOINT WARNING * * *
The troll claws you!
* * * LOW HITPOINT WARNING * * *
The troll claws you!
You die...

* * * ,, ##### * #..># ,
#...#
###########...##########
* *
........................
,
###############..##.###
* ##@##.# #T##.# #
#..#.# # ##.#.######## *
# #...T....... #
#........... #
#........... * * #
#........... #
#...........


You could see a troll.

Vanquished Creatures
  A hound (D:4)
  Terence (D:3)
  3 iguanas
  A worker ant (D:4)
  2 adders
  An ooze (D:2)
  A worm (D:3)
  A leopard gecko (D:3)
  6 orcs
  8 bats
  5 giant cockroaches
  2 hobgoblins (D:2)
  10 jackals (D:3)
  2 quokkas (D:3)
  A ball python (D:3)
  2 frilled lizards
  6 goblins
  6 kobolds
  4 rats
63 creatures vanquished.

Notes
Turn   | Place    | Note
-------+----------+-------------------------------------------
     0 | D:1      | Gadfly the Ogre Gladiator began the quest for the Orb.
     0 | D:1      | Reached XP level 1. HP: 22/22 MP: 1/1
   341 | D:1      | Reached XP level 2. HP: 26/29 MP: 2/2
  1449 | D:2      | Reached skill level 1 in Invocations
  1612 | D:2      | Reached skill level 1 in Evocations
  1718 | D:2      | Reached XP level 3. HP: 17/36 MP: 2/4
  2254 | D:3      | Reached skill level 1 in Armour
  2576 | D:3      | Found an iron altar of Okawaru.
  2582 | D:3      | Became a worshipper of Warmaster Okawaru
  2837 | D:3      | Found a radiant altar of Vehumet.
  2844 | D:3      | Found a glowing silver altar of Zin.
  2844 | D:3      | Found a snail-covered altar of Cheibriados.
  2845 | D:3      | Found a shadowy altar of Dithmenos.
  2846 | D:3      | Found a burning altar of Makhleb.
  2847 | D:3      | Found a white marble altar of Elyvilon.
  2851 | D:3      | Found an ancient bone altar of Kikubaaqudgha.
  2927 | D:3      | Reached XP level 4. HP: 41/44 MP: 5/5
  3431 | D:3      | Noticed Terence
  3439 | D:3      | Killed Terence
  3870 | D:3      | Gained mutation: You possess an exceptional clarity of
                  | mind. [potion of mutation]
  3870 | D:3      | Gained mutation: You passively map a small area around you.
                  | [potion of mutation]
  3870 | D:3      | Gained mutation: Your magical capacity is low. (-10% MP)
                  | [potion of mutation]
  3870 | D:3      | Gained mutation: Your system is resistant to poisons.
                  | (rPois) [potion of mutation]
  3912 | D:4      | Reached XP level 5. HP: 45/50 MP: 6/6
  5129 | D:4      | Noticed a troll
  5143 | D:4      | Reached XP level 6. HP: 59/59 MP: 7/7
  5147 | D:4      | Slain by a troll

Illustrated notes

Levels and vault maps discovered:
D:1:      matt_arrival_debris, layout_basic
D:2:      layout_loops_corners, due_unseen_surprise
D:3:      layout_basic, minitemple, okawaru_metal_pillars_1_2,
          dk_noncrumbling_2, dk_noncrumbling_4, uniq_terence
D:4:      layout_basic, overflow_temple_1_default,
          nicolae_overflow_crystal_walls, fedhas_altar_1

Skill      XL: |  1  2  3  4  5 |
---------------+----------------+-----
Invocations    | 1 2 3 |  3.1
Evocations     | 1 2 |  2.2
Armour         | 1 2 |  2.2
Maces & Flails | 3 |  3.2
Fighting       | |  2.6
Throwing       | |  2.6
Dodging        | |  2.6

Action                   |  1- 3 |  4- 6 || total
-------------------------+-------+-------++-------
Melee: Flail             |   117 |   126 ||   243
Throw: Stone             |     9 |       ||     9
       Boomerang         |       |     2 ||     2
  Use: Scroll            |     9 |     1 ||    10
       Potion            |     5 |     2 ||     7
Armor: Robe              |    58 |    51 ||   109
Dodge: Dodged            |    73 |    92 ||   165
